 Dungeon Crawl Stone Soup version 0.30-a0-187-gd9c2deaf24 (webtiles) character file.

Game seed: 15836703189737647108

49 lunkers the Chopper (level 4, 0/36 HPs)
             Began as a Meteoran Reaver on Oct 4, 2022.
             Was a Follower of Okawaru.
             Succumbed to an orc's poison
             ... on level 3 of the Dungeon.
             The game lasted 00:01:32 (804 turns).

lunkers the Chopper (Meteoran Reaver)                Turns: 804, Time: 00:01:32

Health: 0/36       AC:  4    Str: 14 (16) XL:     4   Next: 20%
Magic:  9/9        EV: 11    Int: 12 (14) God:    Okawaru [*.....]
Gold:   40         SH:  0    Dex: 10 (12) Spells: 5/8 levels left

rFire   . . .      SeeInvis .    a - +0 hand axe
rCold   . . .      Faith    .    (no shield)
rNeg    . . .      Spirit   .    b - +0 leather armour
rPois   .          Reflect  .    (no helmet)
rElec   .          Harm     .    (no cloak)
rCorr   +          Rampage  .    (no gloves)
Will    .....                    c - +0 pair of boots
Stlth   +.........               (no amulet)
HPRegen 0.26/turn                k - ring of resist corrosion
MPRegen 0.11/turn                (no ring)

@: lethally poisoned (0 -> -3), glowing
A: sense surroundings 1, otherworldly, glowing, explore regen
a: Renounce Religion, Heroism


You were on level 3 of the Dungeon.
You worshipped Okawaru.
Okawaru was aware of your devotion.
You visited 1 branch of the dungeon, and saw 3 of its levels.

You collected 40 gold pieces.

Inventory:

Hand Weapons
 a - a +0 hand axe (weapon)
Missiles
 d - 6 stones
 e - 6 javelins
Armour
 b - a +0 leather armour (worn)
 c - a +0 pair of boots (worn)
Jewellery
 k - a ring of resist corrosion (left hand)
Scrolls
 f - a scroll of vulnerability {unknown}
 g - a scroll of identify {unknown}
 h - a scroll of immolation {unknown}
 i - a scroll of noise {unknown}
 l - a scroll of poison {unknown}
 n - a scroll of acquirement {unknown}


   Skills:
 - Level 2.1 Fighting
 * Level 5.1 Axes
 - Level 2.4 Dodging
 - Level 2.6 Spellcasting
 - Level 3.6 Conjurations
 - Level 2.0 Invocations


You had 5 spell levels left.
You knew the following spells:

 Your Spells              Type           Power      Damage    Failure   Level
b - Momentum Strike       Conj/Tloc      10%        3d8       24%         2
p - Kiss of Death         Conj/Necr      20%        2d7       16%         1

Your spell library contained the following spells:

 Spells                   Type           Power      Damage    Failure   Level
 Sandblast                Erth           2%         2d4       32%         1
 Passwall                 Tmut/Erth      0%         N/A       43%         2
 Hailstorm                Conj/Ice       5%         3d4       43%         3
 Stone Arrow              Conj/Erth      10%        3d7       43%         3


Dungeon Overview and Level Annotations

Branches:
Dungeon (3/15) Zot: 990

Altars:
Cheibriados
Okawaru


Innate Abilities, Weirdness & Mutations

You passively map a small area around you.
You are easily found by Zot.
You glow in the dark.
You regain HP and MP as you explore.


Message History

The orc hits you but does no damage.
You are lethally poisoned!
You closely miss the orc.
The orc is moderately wounded.
* * * LOW HITPOINT WARNING * * *
You feel very sick. The orc closely misses you.
You hit the orc but do no damage.
The orc is moderately wounded.
* * * LOW HITPOINT WARNING * * *
You feel very sick. The orc barely misses you.
Okay, then.
You hit the orc.
You kill the orc!
Okawaru accepts your kill.
* * * LOW HITPOINT WARNING * * *
You feel very sick.
It was a potion of degeneration.
There was something very wrong with that liquid.
You feel weakened.
You feel dopey.
You feel clumsy.
* * * LOW HITPOINT WARNING * * *
You feel sick.
It was a potion of lignification.
You turn into a tree.
Your +0 pair of boots melds into your body.
Your +0 leather armour melds into your body.
Your roots penetrate the ground.
* * * LOW HITPOINT WARNING * * *
You feel sick.
It was a potion of cancellation.
Your magical effects are unravelling.
You feel magically purged.
You feel less wooden.
Your +0 pair of boots unmelds from your body.
Your +0 leather armour unmelds from your body.
* * * LOW HITPOINT WARNING * * *
You feel sick.
* * * LOW HITPOINT WARNING * * *
You feel sick.
You die...

.#
#.######............#, *
.# #.# #.............. ,
.######.#
####.....###.#.
........####### #.....#
.#*
#######.......###.....##
#.....##.###..#...
####........#........
#.................... ,
###.##..###.#@#** * , *
#.##......#)# *
#.##......#.# ,
#.##......#.#
#.........#.####
#.......#.#....#
#.........#.##.# *
#.........#.##.# ~
#.........#.##.# ,


There were no monsters in sight!

Vanquished Creatures
  An orc wizard (D:3)
  An adder (D:3)
  A worm (D:3)
  2 orcs (D:3)
  A quokka (D:1)
  2 ball pythons (D:1)
  A bat (D:1)
  A frilled lizard (D:1)
  3 goblins
13 creatures vanquished.

Notes
Turn   | Place    | Note
-------+----------+-------------------------------------------
     0 | D:1      | lunkers the Meteoran Reaver began the quest for the Orb.
     0 | D:1      | Reached XP level 1. HP: 17/17 MP: 5/5
   328 | D:1      | Reached skill level 4 in Axes
   366 | D:1      | Reached XP level 2. HP: 14/24 MP: 6/6
   370 | D:1      | Learned a level 2 spell: Momentum Strike
   420 | D:1      | Found a faded altar of an unknown god.
   423 | D:1      | Prayed at the altar of an unknown god.
   423 | D:1      | Became a worshipper of Warmaster Okawaru
   423 | D:1      | Reached * piety under Okawaru
   496 | D:1      | Glimpsed the power of Zot.
   546 | D:1      | Glimpsed the power of Zot.
   606 | D:3      | Found a snail-covered altar of Cheibriados.
   730 | D:3      | Reached skill level 1 in Invocations
   730 | D:3      | Reached XP level 3. HP: 29/29 MP: 8/8
   795 | D:3      | Reached skill level 5 in Axes
   795 | D:3      | Reached XP level 4. HP: 23/36 MP: 9/9
   803 | D:3      | HP: 1/36 [poisoned by an orc]
   804 | D:3      | Succumbed to an orc's poison

Illustrated notes

Levels and vault maps discovered:
D:1:      minmay_arrival_widening_spiral_narrow, layout_basic,
          shapermc_ecumenical_altar_mp_urbaneastern, corexii_hall_statues_i
D:2:      minmay_spotlight, layout_basic, grunt_decor_cap, nrook_campfire,
          uniq_natasha, uniq_crazy_yiuf_cottage
D:3:      layout_basic, slow_altar_1, cheibrodos_sewer_entry_drain,
          grunt_ministairs_6, nicolae_concentric_dashed_squares_wild,
          nicolae_figureground_pulse

Skill      XL: |  1  2  3 |
---------------+----------+-----
Axes           | 4 5 |  5.1
Invocations    | 1 2 |  2.0
Fighting       | |  2.1
Dodging        | |  2.4
Spellcasting   | |  2.6
Conjurations   | |  3.6

Action                   |  1- 3 |  4- 6 || total
-------------------------+-------+-------++-------
Melee: Hand axe          |    68 |     5 ||    73
       Punch             |     2 |       ||     2
  Use: Potion            |       |     3 ||     3
Armor: Leather armour    |    16 |     1 ||    17
Dodge: Dodged            |    35 |     2 ||    37

Table legend: (Time is in decaauts)
 A = Elapsed time spent in this place.
 B = Non-inter-level travel time spent in this place.
 C = Inter-level travel time spent in this place.
 D = Time resting spent in this place.
 E = Time spent auto-exploring this place.
 F = Levels seen in this place.
 G = Mean time per level.
                   A        B        C        D        E       F      G
               +--------+--------+--------+--------+--------+-----+--------+
         Total |    809 |    712 |     97 |      0 |    543 |   3 |  269.7 |
       Dungeon |    809 |    712 |     97 |      0 |    543 |   3 |  269.7 |
               +--------+--------+--------+--------+--------+-----+--------+

Top non-repeatable levels by time:
     D:1: 571 daAuts
     D:3: 230 daAuts
     D:2: 7 daAuts
